 Dungeon Crawl Stone Soup version 0.28.0-43-g3370ac3207 (webtiles) character file.

Game seed: 18115072814708021171

175761 zeram the Tortoise (level 17, -6/235 HPs)
             Began as a Minotaur Fighter on Mar 1, 2022.
             Was an Initiate of Yredelemnul.
             Mangled by a water elemental (7 damage)
             ... on level 4 of the Shoals.
             The game lasted 01:35:08 (45343 turns).

zeram the Tortoise (Minotaur Fighter)              Turns: 45343, Time: 01:35:09

Health: -6/235     AC: 31    Str: 29    XL:     17   Next: 48%
Magic:  23/23      EV: 15    Int: 15    God:    Yredelemnul [......]
Gold:   499        SH:  0    Dex: 21    Spells: 16/16 levels left

rFire   + + +      SeeInvis .   p - +1 whip of Elut {venom, +Blink rF+ rC- Dex+5}
rCold   + . .      Faith    .   c - +1 buckler
rNeg    . . .      Spirit   .   G - +2 plate armour {rC+}
rPois   +          Reflect  +   (helmet restricted)
rElec   +          Harm     .   T - +2 cloak
rCorr   +          Rampage  .   J - +2 pair of gloves of the Earth {rElec Will+}
Will    ++...                   E - +1 pair of boots
Stlth   ..........              Z - amulet "Ilaoruhe" {Reflect Contam Int+10 SH+5}
HPRegen 0.49/turn               r - +6 ring of dexterity
MPRegen 0.18/turn               Y - ring of protection from fire

@: confused, berserking, resistant, ambrosia-drunk, engulfed (cannot breathe),
slow
A: horns 2, retaliatory headbutt
a: Renounce Religion, Evoke Blink, Recall Undead Harvest


You were on level 4 of the Shoals.
You worshipped Yredelemnul.
Yredelemnul was aware of your devotion.
You visited 7 branches of the dungeon, and saw 31 of its levels.
You also visited: Sewer.

You collected 2251 gold pieces.
You spent 1752 gold pieces at shops.

Inventory:

Hand Weapons
 p - the +1 whip of Elut (weapon) {venom, +Blink rF+ rC- Dex+5}
   (You took it off a goblin on level 3 of the Dungeon)

   It poisons the flesh of those it strikes.
   Dex:       It affects your dexterity (+5).
   rF:        It protects you from fire.
   rC:        It makes you vulnerable to cold.
   +Blink:    It lets you blink.
Missiles
 b - a throwing net
 e - 896 stones (quivered)
Armour
 c - a +1 buckler (worn)
 E - a +1 pair of boots (worn)
 G - a +2 plate armour of cold resistance (worn)
 J - the +2 pair of gloves of the Earth (worn) {rElec Will+}
   (You bought it in a shop on level 1 of the Orcish Mines)

   rElec:     It insulates you from electricity.
   Will:      It increases your willpower.
 T - a +2 cloak (worn)
Jewellery
 r - a +6 ring of dexterity (left hand)
 s - a ring of fire
 D - a ring of ice
 Y - a ring of protection from fire (right hand)
 Z - the amulet "Ilaoruhe" (around neck) {Reflect Contam Int+10 SH+5}
   (You acquired it on level 2 of the Orcish Mines)

   [amulet of reflection]

   It reflects blocked missile attacks.
   Int:       It affects your intelligence (+10).
   Contam:    It causes magical contamination when unequipped.
   SH:        It affects your SH (+5).
Wands
 d - a wand of digging (21)
 o - a wand of flame (30)
 z - a wand of mindburst (13)
 C - a wand of paralysis (12)
 F - a wand of iceblast (8)
 M - a wand of polymorph (17)
 N - a wand of charming (6)
 W - a wand of acid (4)
Scrolls
 a - a scroll of magic mapping
 g - 5 scrolls of amnesia
 n - 9 scrolls of identify
 q - 5 scrolls of fear
 t - 4 scrolls of blinking
 w - 7 scrolls of teleportation
 Q - a scroll of brand weapon
 S - a scroll of enchant weapon
 X - a scroll of enchant armour
Potions
 u - 3 potions of haste
 A - a potion of ambrosia
 I - a potion of might
 K - a potion of berserk rage
 R - 2 potions of flight
 V - 3 potions of resistance


   Skills:
 + Level 15.6 Fighting
 + Level 15.3 Maces & Flails
 + Level 19.0 Armour
 * Level 11.1 Dodging
 + Level 16.9 Shields
 * Level 10.6 Invocations
 - Level 8.9 Evocations


You had 16 spell levels left.
You didn't know any spells.
Your spell library contained the following spells:

 Spells                   Type           Power      Damage    Failure   Level
 Animate Skeleton         Necr           0%         N/A       80%         1
 Apportation              Tloc           0%         N/A       80%         1
 Beastly Appendage        Tmut           0%         N/A       80%         1
 Magic Dart               Conj           0%         1d3       80%         1
 Sandblast                Erth           0%         2d4       80%         1
 Slow                     Hex            0%         N/A       80%         1
 Summon Small Mammal      Summ           0%         N/A       80%         1
 Call Imp                 Summ           0%         N/A       90%         2
 Ensorcelled Hibernation  Hex/Ice        0%         N/A       90%         2
 Passwall                 Tmut/Erth      0%         N/A       90%         2
 Searing Ray              Conj           0%         2d4       90%         2
 Static Discharge         Conj/Air       0%         N/A       90%         2
 Wereblood                Tmut           0%         N/A       90%         2
 Confusing Touch          Hex            0%         N/A       99%         3
 Dazzling Flash           Conj/Hex       0%         N/A       99%         3
 Mephitic Cloud           Conj/Pois/Air  0%         N/A       99%         3
 Spider Form              Tmut/Pois      0%         N/A       99%         3
 Stone Arrow              Conj/Erth      0%         3d7       99%         3
 Swiftness                Air            0%         N/A       99%         3
 Vampiric Draining        Necr           0%         2d6       99%         3
 Anguish                  Hex/Necr       0%         N/A       100%        4
 Animate Armour           Summ/Erth      0%         N/A       100%        4
 Dispel Undead            Necr           0%         3d6       100%        4
 Fulminant Prism          Conj/Hex       0%         3d6       100%        4
 Iskenderun's Mystic Bla  Conj/Tloc      0%         2d3       100%        4
 Sticky Flame             Conj/Fire      0%         2d3       100%        4
 Alistair's Intoxication  Tmut/Pois      0%         N/A       100%        5
 Borgnjor's Vile Clutch   Necr/Erth      0%         N/A       100%        5
 Freezing Cloud           Conj/Ice/Air   0%         6-21      100%        5
 Iskenderun's Battlesphe  Conj           0%         2d6       100%        5
 Yara's Violent Unravell  Hex/Tmut       0%         3d3       100%        5
 Eringya's Noxious Bog    Tmut/Pois      0%         N/A       100%        6
 Simulacrum               Ice/Necr       0%         N/A       100%        6
 Starburst                Conj/Fire      0%         6d3       100%        6
 Enfeeble                 Hex            0%         N/A       100%        7
 Lehudib's Crystal Spear  Conj/Erth      0%         10d2      100%        8
 Polar Vortex             Ice            0%         N/A       100%        9


Dungeon Overview and Level Annotations

Branches:
Dungeon (15/15)            Temple (1/1) D:7            Lair (6/6) D:10
 Shoals (4/4) Lair:2        Snake (0/4) Lair:3        Slime (0/5) Lair:6
    Orc (2/2) D:11            Elf (2/3) Orc:2        Vaults (0/5) D:14
 Depths (1/4) D:15          Sewer (visited)

Altars:
Ashenzari
Cheibriados
Dithmenos
Elyvilon
Fedhas
Gozag
Hepliaklqana
Kikubaaqudgha
Makhleb
Nemelex Xobeh
Okawaru
Qazlal
Ru
Sif Muna
Trog
Uskayaw
Vehumet
Wu Jian
Xom
Yredelemnul
Zin
The Shining One

Shops:
D:15 ?   Orc:1 [[!   Orc:2 ?([*   Elf:1 :=:   Depths:1 *

Portals:
Abyss: Depths:1
Trove: D:13 (give 8 scrolls of blinking)


Innate Abilities, Weirdness & Mutations

You have a pair of horns on your head.
You reflexively headbutt those who attack you in melee.


Message History

The sea snake bites you.
* * * LOW HITPOINT WARNING * * *
A red film seems to cover your vision as you go berserk!
You feel yourself moving faster!
You feel mighty!
* * * LOW HITPOINT WARNING * * *
Your lungs strain for air!
The air elemental fires a burst of electricity at you.
The stunning burst hits the water elemental but does no damage.
The stunning burst hits you but does no damage.
You shrug off the repeated paralysis!
The water elemental misses you. x2
The sea snake misses you.
The merfolk javelineer hits you but does no damage.
You whack the water elemental! You headbutt the water elemental.
The water elemental is heavily damaged.
* * * LOW HITPOINT WARNING * * *
Your lungs strain for air!
The water elemental hits you.
* * * LOW HITPOINT WARNING * * *
The water elemental hits you.
You're too confused to move!
* * * LOW HITPOINT WARNING * * *
Your lungs strain for air!
The air elemental fires a burst of electricity at you.
The stunning burst hits you but does no damage.
The sea snake bites you but does no damage.
The merfolk aquamancer gestures wildly while chanting.
The merfolk aquamancer blinks!
The air elemental fires a burst of electricity at you.
The stunning burst misses the water elemental.
The stunning burst hits you but does no damage.
The air elemental fires a burst of electricity at you.
The stunning burst misses you.
The merfolk javelineer barely misses you.
You hit the water elemental.
The water elemental is moderately damaged.
* * * LOW HITPOINT WARNING * * *
Your lungs strain for air!
The water elemental hits you!
You die...
Your body rises from the dead as a mindless zombie.

≈#≈≈#≈≈#....#.#.≈≈≈#≈.#
≈≈≈≈≈≈#......#.≈≈≈≈≈.#
≈≈≈≈≈##......#..≈.≈≈m#
#≈≈## #..#.m.#.§≈.≈#.#
.≈≈.. ^.≈#...#..≈≈≈..#
≈≈≈≈≈..≈≈#t..#..≈≈≈..#
≈≈≈≈≈####k.##Emk≈...#
#≈≈≈≈....≈##SEEE??.#
###≈≈≈m..≈≈##8@≈...8#
≈≈≈≈≈≈..#############
.m####### #### ##≈Z##
#≈<≈≈# #≈≈≈≈#


You could see a merfolk javelineer, a sea snake, a merfolk aquamancer, a wind
drake (repels missiles), 2 water elementals and 2 air elementals.

Vanquished Creatures
  Nikola (Lair:2)
  Kirke (D:14)
  A sphinx (Depths:1)
  2 deep elf sorcerers
  4 very ugly things
  A stone giant (Depths:1)
  A dire elephant (Lair:6)
  4 spark wasps (D:15)
  A deep elf death mage (Elf:1)
  A great orb of eyes (Depths:1)
  A deep elf high priest (Elf:2)
  2 merfolk impalers
  An ice dragon (D:15)
  10 hydras
  4 boulder beetles
  2 ogre magi (Orc:2)
  12 two-headed ogres
  A centaur warrior (D:14)
  3 deep troll shamans (D:15)
  3 dancing weapons (Elf:1)
  2 tengu warriors (D:15)
  5 deep troll earth magi
  3 death yaks
  7 deep elf knights
  A vampire mage (Depths:1)
  Sonja (Orc:2)
  The ghost of pkoi the Grappler, a novice DrMo of Okawaru (D:7)
  3 iron trolls (D:15)
  5 deep trolls (D:15)
  A glowing orange brain (Depths:1)
  6 sea snakes
  A flayed ghost (Depths:1)
  7 deep elf archers
  A harpy (shapeshifter) (D:14)
  2 harpies (Shoals:3)
  13 deep elf zephyrmancers
  2 necromancers (D:15)
  19 deep elf pyromancers
  6 manticores
  2 orc knights
  11 ugly things
  8 fauns
  A cyclops (shapeshifter) (Depths:1)
  A moth of wrath (D:13)
  4 merfolk sirens
  6 cyclopes
  A guardian serpent (shapeshifter) (D:14)
  9 elephants
  2 water nymphs (Shoals:2)
  A black mamba (Lair:4)
  10 cane toads
  2 efreet
  6 komodo dragons
  An unseen horror (D:12)
  2 rime drakes
  A tengu conjurer (D:13)
  6 trolls
  7 merfolk
  2 polar bears (Lair:6)
  3 wind drakes
  3 hornets
  2 slime creatures (D:14)
  4 snapping turtles
  10 blink frogs
  2 dream sheep (Shoals:1)
  A shadow (D:13)
  3 water elementals
  An air elemental (Elf:1)
  A wraith (D:12)
  3 wyverns
  A hog (shapeshifter) (D:14)
  35 yaks
  2 hogs (D:14)
  3 basilisks
  11 vampire mosquitoes
  3 steam dragons (Lair:6)
  3 fire elementals (Elf:1)
  3 wargs
  A naga (Lair:3)
  17 water moccasins
  10 orc warriors
  An ice beast (D:6)
  A necrophage (D:4)
  2 black bears
  A sky beast (D:5)
  13 ogres
  12 wolves
  6 centaurs
  A phantom (D:7)
  6 bullfrogs
  A scorpion (D:6)
  An earth elemental (Elf:2)
  A water moccasin zombie (D:6)
  17 wights
  19 killer bees (D:10)
  A howler monkey (D:5)
  3 centaur zombies
  5 hounds
  A jelly (D:5)
  An iguana (D:4)
  11 orc priests
  Crazy Yiuf (D:4)
  8 orc wizards
  A killer bee zombie (D:6)
  2 hound skeletons
  A howler monkey zombie (D:3)
  Robin (D:2)
  8 gnolls
  5 adders
  A white imp (D:6)
  2 ufetubi
  2 worms (D:13)
  A dart slug (D:5)
  46 orcs
  9 ball pythons
  2 endoplasms
  A giant cockroach (D:3)
  16 goblins
  7 hobgoblins
  11 jackals
  4 kobolds
  A bat (D:1)
  2 frilled lizards (D:3)
  8 rats
591 creatures vanquished.

Vanquished Creatures (collateral kills)
  Polyphemus (Shoals:2)
  An ettin (D:15)
  A merfolk javelineer (Shoals:4)
  A fire dragon (Depths:1)
  2 merfolk impalers
  3 ice dragons (Depths:1)
  An ogre mage (Orc:2)
  A hydra (Lair:2)
  2 merfolk avatars
  An alligator snapping turtle (Shoals:3)
  5 two-headed ogres (Orc:2)
  2 dancing weapons (Elf:1)
  3 satyrs
  A merfolk aquamancer (Shoals:3)
  5 death yaks
  The ghost of cbfl8 the Basher, a novice MiDe of Yredelemnul (D:9)
  An iron troll (D:15)
  A deep troll (D:15)
  2 sea snakes
  A deep elf zephyrmancer (Elf:1)
  3 harpies
  8 fauns
  5 manticores
  A shining eye (shapeshifter) (D:14)
  2 cyclopes
  A slime creature (D:14)
  18 elephants
  A black mamba (Lair:4)
  3 cane toads (Lair:6)
  4 komodo dragons
  A rime drake (Lair:5)
  6 merfolk
  A troll (D:12)
  A queen bee (D:10)
  3 snapping turtles
  7 blink frogs
  2 wyverns (Lair:6)
  24 yaks
  3 water elementals
  A vampire (D:12)
  A basilisk (Lair:6)
  3 steam dragons
  3 hogs (D:14)
  An acid dragon (D:11)
  3 water moccasins
  An orc warrior (D:11)
  14 ogres (Orc:2)
  6 wolves
  A centaur (D:14)
  2 bullfrogs
  5 killer bees (D:10)
  A wight (D:10)
  An electric eel (D:10)
  2 howler monkeys
  2 orc priests (Orc:2)
  An orc wizard (D:11)
  4 orcs
  A fungus (Lair:6)
  A plant (Lair:6)
184 creatures vanquished.

Vanquished Creatures (others)
  A very ugly thing zombie (Depths:1)
  The ghost of Ceyvaan the Thaumaturge, a journeyman DEFE of Sif Muna (Lair:3)
  A spectral catoblepas (Shoals:4)
  2 deep elf knights
  A spectral ogre (Orc:2)
  A deep elf zephyrmancer (Elf:1)
  A spectral great orb of eyes (Depths:1)
  A stone giant zombie (Depths:1)
  Maurice (D:13)
  A spectral slime creature (D:14)
  A death yak zombie (Lair:3)
  A spectral glowing orange brain (Depths:1)
  8 merfolk zombies
  A sea snake zombie (Shoals:2)
  5 harpy zombies
  A guardian serpent zombie (D:14)
  An ettin zombie (D:15)
  2 wind drake zombies
  2 deep troll zombies
  A two-headed ogre zombie (Orc:2)
  A tengu zombie (D:15)
  2 cane toad zombies (Lair:6)
  A manticore zombie (Shoals:1)
  14 elf zombies
  2 blink frog zombies (Lair:3)
  3 elephant zombies (Lair:6)
  A kobold zombie (Orc:2)
  4 hog zombies (D:14)
  3 vampire mosquito zombies (D:14)
  A rime drake zombie (Lair:6)
  2 water moccasin zombies
  4 yak zombies
  2 polar bear zombies (Lair:6)
  5 wolf zombies
  A centaur zombie (D:14)
  9 killer bee zombies (D:10)
  6 ogre zombies (Orc:2)
  2 steam dragon zombies (Lair:6)
  17 orc zombies
  A bush (Lair:6)
  60 fungi
  152 plants
  2 withered plants (D:7)
329 creatures vanquished.

Grand Total: 1104 creatures vanquished

Notes
Turn   | Place    | Note
-------+----------+-------------------------------------------
     0 | D:1      | zeram the Minotaur Fighter began the quest for the Orb.
     0 | D:1      | Reached XP level 1. HP: 19/19 MP: 0/0
   149 | D:1      | Reached XP level 2. HP: 12/27 MP: 1/1
  1012 | D:2      | Found a faded altar of an unknown god.
  1042 | D:2      | Reached XP level 3. HP: 25/33 MP: 2/2
  1135 | D:2      | Noticed Robin
  1145 | D:2      | Killed Robin
  1901 | D:3      | Reached XP level 4. HP: 34/40 MP: 3/3
  1981 | D:3      | Identified the +1 whip of Elut {venom, +Blink rF+ rC-
                  | Dex+5}
  2320 | D:3      | Reached skill level 4 in Armour
  2531 | D:3      | Reached XP level 5. HP: 38/47 MP: 4/4
  2795 | D:4      | Found a glowing golden altar of the Shining One.
  2953 | D:4      | Noticed a necrophage
  2967 | D:4      | Killed a necrophage
  2968 | D:4      | Reached skill level 5 in Fighting
  2968 | D:4      | Reached skill level 5 in Maces & Flails
  2968 | D:4      | Reached skill level 5 in Armour
  2968 | D:4      | Reached skill level 1 in Evocations
  2968 | D:4      | Reached XP level 6. HP: 53/56 MP: 5/5
  3112 | D:4      | Found a runed translucent door.
  3113 | D:4      | Noticed Crazy Yiuf
  3269 | D:4      | Killed Crazy Yiuf
  3542 | D:5      | Entered Level 5 of the Dungeon
  3580 | D:5      | Identified the +1 leather armour of Wiwkaso {rElec Will-
                  | Dex+3}
  3941 | D:5      | Noticed a sky beast
  3955 | D:5      | Killed a sky beast
  3956 | D:5      | Reached XP level 7. HP: 48/61 MP: 6/6
  4221 | D:5      | Found a glowing drain.
  4236 | Sewer    | Entered a sewer
  4312 | Sewer    | Reached skill level 6 in Armour
  5615 | D:6      | Reached skill level 7 in Armour
  5634 | D:6      | Reached XP level 8. HP: 59/70 MP: 7/7
  5697 | D:6      | Reached skill level 1 in Dodging
  5819 | D:6      | Reached skill level 5 in Shields
  6351 | D:6      | Found a shimmering altar of Xom.
  6352 | D:6      | Found a hazy altar of Hepliaklqana.
  6353 | D:6      | Noticed a spectral ugly thing
  6411 | D:6      | Reached skill level 8 in Armour
  6641 | D:7      | Found a runed translucent door.
  6641 | D:7      | Noticed pkoi's ghost (novice DrMo)
  6650 | D:7      | Found a staircase to the Ecumenical Temple.
  6689 | Temple   | Entered the Ecumenical Temple
  6987 | Temple   | Became a worshipper of Yredelemnul the Dark
  7012 | D:7      | Reached XP level 9. HP: 73/77 MP: 8/8
  7133 | D:7      | Found a broken altar of Ashenzari.
  7162 | D:7      | Found an opulent altar of Gozag.
  7170 | D:7      | Found a sacrificial altar of Ru.
  7625 | D:7      | Reached skill level 9 in Armour
  7937 | D:7      | Killed pkoi's ghost
  8015 | D:8      | Noticed a two-headed ogre
  8037 | D:7      | Killed a two-headed ogre
  8038 | D:7      | Reached skill level 5 in Evocations
  8554 | D:8      | Reached * piety under Yredelemnul
  8762 | D:8      | Found an ornate altar of the Wu Jian Council.
  9023 | D:9      | Reached skill level 10 in Armour
  9023 | D:9      | Reached XP level 10. HP: 58/86 MP: 9/9
  9178 | D:9      | Found a runed translucent door.
  9182 | D:9      | Noticed cbfl8's ghost (novice MiDe)
  9318 | D:9      | Reached ** piety under Yredelemnul
  9322 | D:9      | Reached *** piety under Yredelemnul
  9771 | D:9      | Killed cbfl8's ghost
  9772 | D:9      | Reached skill level 10 in Maces & Flails
  9806 | D:10     | Entered Level 10 of the Dungeon
  9882 | D:10     | Reached skill level 11 in Armour
  9952 | D:10     | HP: 4/90 [killer bee (3)]
 10249 | D:10     | Found a staircase to the Lair.
 10285 | D:10     | Reached XP level 11. HP: 79/95 MP: 10/10
 10927 | D:10     | Noticed a boulder beetle
 10928 | D:10     | Noticed an orc knight
 11347 | D:11     | Noticed a six-headed hydra
 11359 | D:11     | Killed a six-headed hydra
 11597 | D:11     | Reached skill level 12 in Armour
 11953 | D:11     | Reached **** piety under Yredelemnul
 12371 | D:11     | Reached ***** piety under Yredelemnul
 12451 | D:11     | Found a staircase to the Orcish Mines.
 12567 | Orc:1    | Entered Level 1 of the Orcish Mines
 12569 | Orc:1    | Found Cuivipt's Distillery.
 12645 | Orc:1    | Bought a potion of might for 68 gold pieces
 12664 | Orc:1    | Found Sojetam's Armour Shoppe.
 12772 | Orc:1    | Found Rocraowk's Armour Shoppe.
 12793 | Orc:1    | Bought the +2 pair of gloves of the Earth {rElec Will+} for
                  | 613 gold pieces
 13006 | Orc:2    | Entered Level 2 of the Orcish Mines
 13291 | Orc:2    | Noticed an orc knight
 13292 | Orc:2    | Noticed a two-headed ogre
 13316 | Orc:1    | Killed an orc knight
 13844 | Orc:1    | Killed a two-headed ogre
 14119 | Orc:2    | Noticed Sonja
 14130 | Orc:2    | Killed Sonja
 14131 | Orc:2    | Reached XP level 12. HP: 73/105 MP: 11/11
 14149 | Orc:2    | Reached skill level 13 in Armour
 14174 | Orc:2    | Your ally Sonja died
 14643 | Orc:2    | Noticed a two-headed ogre
 14643 | Orc:2    | Noticed a two-headed ogre
 14644 | Orc:2    | Noticed a two-headed ogre
 14644 | Orc:2    | Noticed a two-headed ogre
 14645 | Orc:2    | Noticed a two-headed ogre
 14645 | Orc:2    | Noticed a two-headed ogre
 14645 | Orc:2    | Noticed an ogre mage
 14645 | Orc:2    | Noticed an ogre mage
 14648 | Orc:2    | Found a staircase to the Elven Halls.
 14680 | Orc:1    | Killed a two-headed ogre
 14891 | Orc:1    | Bought a potion of curing for 51 gold pieces
 14891 | Orc:1    | Bought a potion of berserk rage for 85 gold pieces
 14891 | Orc:1    | Bought a potion of curing for 51 gold pieces
 14979 | Lair:1   | Entered Level 1 of the Lair of Beasts
 15656 | Lair:1   | Reached skill level 10 in Fighting
 15980 | Lair:2   | Noticed an eight-headed hydra
 15989 | Lair:1   | Killed an eight-headed hydra
 16105 | Lair:2   | Reached skill level 10 in Shields
 16526 | Lair:2   | Reached skill level 14 in Armour
 16533 | Lair:2   | Noticed a six-headed hydra
 16547 | Lair:2   | Killed a six-headed hydra
 16931 | Lair:2   | Reached ****** piety under Yredelemnul
 17023 | Lair:2   | Reached skill level 1 in Invocations
 17104 | Lair:2   | Found a staircase to the Shoals.
 17496 | Lair:3   | Noticed a six-headed hydra
 17509 | Lair:3   | Killed a six-headed hydra
 17595 | Lair:3   | Found a large runed translucent door.
 17595 | Lair:3   | Found a large runed translucent door.
 17596 | Lair:3   | Noticed Ceyvaan's ghost (journeyman DEFE)
 17672 | Lair:3   | Reached XP level 13. HP: 111/116 MP: 13/13
 17853 | Lair:3   | Found a staircase to the Snake Pit.
 18172 | Lair:3   | Reached skill level 15 in Armour
 19110 | Lair:3   | Killed Ceyvaan's ghost
 20613 | Lair:5   | You fall into a shaft and drop 1 floor!
 20613 | Lair:6   | Entered Level 6 of the Lair of Beasts
 20641 | Lair:6   | Found a staircase to the Slime Pits.
 21389 | Lair:6   | Reached skill level 5 in Invocations
 21389 | Lair:6   | Reached XP level 14. HP: 42/126 MP: 16/16
 22130 | Lair:6   | Reached skill level 16 in Armour
 22189 | Lair:6   | Reached skill level 5 in Dodging
 22354 | Lair:6   | Identified the +0 scale mail of Bitterness {rF+ Dex-2 SInv}
 24383 | Orc:2    | Found Peffucw's Antique Weapon Shoppe.
 24383 | Orc:2    | Found Rafapp's Magic Scroll Shop.
 24384 | Orc:2    | Found Xisah's General Store.
 24384 | Orc:2    | Found Pufyurr's Armour Shoppe.
 24734 | Orc:2    | Found an iron altar of Okawaru.
 25171 | Elf:1    | Entered Level 1 of the Elven Halls
 25930 | Elf:1    | Reached XP level 15. HP: 68/136 MP: 19/19
 27018 | Elf:1    | Reached skill level 17 in Armour
 27884 | Elf:1    | Noticed a deep elf sorcerer
 27892 | Elf:1    | Killed a deep elf sorcerer
 27895 | Elf:1    | Got Meekib's Almanac of Attacks
 28100 | Elf:1    | Found Zeunaidy's Book Boutique.
 28100 | Elf:1    | Found Otockeoq's Jewellery Shoppe.
 28102 | Elf:1    | Found Ferhynne's Book Boutique.
 28683 | Elf:2    | Paralysed by an air elemental for 1 turns
 29624 | Elf:2    | Noticed a deep elf sorcerer
 29638 | Elf:2    | Killed a deep elf sorcerer
 33778 | D:13     | Noticed Maurice
 33790 | D:13     | Killed Maurice
 34078 | D:13     | Found a portal to a secret trove of treasure.
 34275 | D:13     | Found a bloodstained altar of Trog.
 34493 | D:14     | Reached skill level 18 in Armour
 34772 | D:14     | Reached XP level 16. HP: 147/147 MP: 21/21
 34835 | D:14     | You fall into a shaft and drop 1 floor!
 34835 | D:15     | Entered Level 15 of the Dungeon
 35864 | D:15     | Found a staircase to the Depths.
 36051 | D:15     | Found Ozad's Magic Scroll Shop.
 36400 | Orc:2    | Bought a scroll of acquirement for 884 gold pieces
 36401 | Orc:2    | Acquired the amulet "Ilaoruhe" {Reflect Contam Int+10 SH+5}
 36663 | D:14     | Found a gate to the Vaults.
 36866 | D:14     | Noticed Kirke
 36882 | D:14     | Noticed a sphinx
 36906 | D:14     | Killed Kirke
 37348 | Depths:1 | Entered Level 1 of the Depths
 38057 | Depths:1 | Reached skill level 15 in Shields
 38084 | Depths:1 | Noticed a sphinx
 38098 | Depths:1 | Killed a sphinx
 38860 | Depths:1 | Found Tupsaer's Overcharged Wands.
 38926 | D:15     | Reached skill level 15 in Fighting
 40079 | D:15     | Reached skill level 10 in Dodging
 41001 | Depths:1 | Found a one-way gate to the infinite horrors of the Abyss.
 41424 | Depths:1 | Reached skill level 15 in Maces & Flails
 41859 | Shoals:1 | Entered Level 1 of the Shoals
 41859 | Shoals:1 | Noticed Nikola
 41895 | Lair:2   | Killed Nikola
 42634 | Shoals:1 | Reached skill level 10 in Invocations
 42659 | Shoals:1 | Reached XP level 17. HP: 145/156 MP: 23/23
 44014 | Shoals:2 | Noticed Polyphemus
 44040 | Shoals:2 | Killed Polyphemus
 44489 | Shoals:3 | Reached skill level 19 in Armour
 45110 | Shoals:4 | Entered Level 4 of the Shoals
 45334 | Shoals:4 | Paralysed by an air elemental for 1 turns
 45338 | Shoals:4 | Paralysed by an air elemental for 1 turns
 45340 | Shoals:4 | HP: 10/235 [drowned by a water elemental (7)]
 45342 | Shoals:4 | HP: 3/235 [drowned by a water elemental (5)]
 45343 | Shoals:4 | HP: 1/235 [drowned by a water elemental (3)]
 45343 | Shoals:4 | Mangled by a water elemental

Illustrated notes

Levels and vault maps discovered:
D:1:      mainiacjoe_arrival_reflecting_pool, layout_basic
D:2:      layout_rooms, basic_ecumenical_altar, minmay_misc_feat_secret_circle,
          uniq_robin
D:3:      layout_rooms, minmay_misc_feat_columns
D:4:      layout_rooms, mainiacjoe_overflow_tiny_flanked,
          uniq_crazy_yiuf_cottage
D:5:      layout_layer_cave, portal_sewer_entry_d, serial_rivers,
          chequers_serial_rivers_micro_a, chequers_serial_rivers_micro_c,
          chequers_serial_rivers_large_b, chequers_serial_rivers_small_b,
          chequers_serial_rivers_micro_a, chequers_serial_rivers_small_3
D:6:      hellmonk_warped_wall, layout_loops_ring,
          regret_index_temple_of_mockery, minmay_door_square,
          minmay_misc_feat_nine_boxes
D:7:      layout_loops_ring, ashenzari_conservatory_becter, minitemple,
          minmay_temple_entry_tees, gammafunk_ghost_grave,
          minmay_strange_pillars
D:8:      layout_basic, nzn_wu_jian_council_hall
D:9:      layout_cave_pools, ebering_ghost_reflecting_pool, minivault_26
D:10:     layout_roguey, erik_lair_island, special_room [special_room_bee],
          grunt_ministairs_1, grunt_decor_arrowhead, lightli_corner_chamber
D:11:     layout_rooms, orc_0_dummy, ebering_dispersal_statue_hall
D:12:     layout_stronghold
D:13:     layout_loops_ring, enter_trove_1, tgw_trog, uniq_maurice
D:14:     layout_basic, david_vaults_2, small_statue_intersection, uniq_kirke
D:15:     hangedman_depths_entry_civil_slaughter, layout_basic,
          minmay_misc_feat_doors, serial_shops, shop_statue
Temple:   regret_index_temple_waves
Lair:1:   layout_hall_layers, nicolae_lair_lil_pond,
          grunt_forest_small_clearings, minivault_23, infiniplex_staircase_pool
Lair:2:   layout_roguey, minmay_shoals_entry_lonely_mermaid,
          chequers_serial_rivers_micro_d, minivault_23
Lair:3:   layout_regular_city, guppyfry_snake_entry_garden,
          ebering_ghost_disaster_area, serial_rivers,
          chequers_serial_rivers_small_3, chequers_serial_rivers_room_a,
          chequers_serial_rivers_room_b, chequers_serial_rivers_room_a,
          chequers_serial_rivers_large_a, chequers_serial_rivers_small_3
Lair:4:   layout_hall_layers, st_stairs_7
Lair:5:   layout_gridlike
Lair:6:   gammafunk_lair_ancient_temple, layout_regular_city, slime_dummy,
          grunt_megastairs_4
Shoals:1: layout_shoals, uniq_nikola
Shoals:2: layout_shoals, uniq_polyphemus
Shoals:3: layout_shoals
Shoals:4: shoals_end_hellmonk_storm_palace [storm_palace_center_square,
          storm_palace_corner_narrow, storm_palace_corner_altar,
          storm_palace_corner_reverse_hut, storm_palace_corner_grid]
Orc:1:    layout_caves, serial_shops, shop, nicolae_shop_hallway_plus,
          nicolae_shop_advertising_works [nicolae_subvault_shop_adworks]
Orc:2:    st_orc_ogre_mass, layout_caves, okawaru_metal_pillars_1_2, uniq_sonja
Elf:1:    layout_geoelf_octagon, minmay_elf_annihilation, minmay_shop_grove
Elf:2:    nicolae_elf_blades_crystal_corner, layout_geoelf_grid, st_stairs_8,
          hangedman_elf_represent
Depths:1: minmay_blocking_statues, layout_cave_shapes, abyss_entry_crystal,
          grunt_pan_entry_sceptre, lightli_too_deep, corexii_leaking_fountain,
          nicolae_shop_overcharged_wands

Skill      XL: |  1  2  3  4  5  6  7  8  9 10 11 12 13 14 15 16 17 |
---------------+----------------------------------------------------+-----
Fighting       | 4 5 6 7 8 9 11 12 13 14 15 | 15.6
Shields        | 4 5 6 7 9 10 12 13 14 16 | 16.9
Maces & Flails | 3 4 5 6 8 9 11 12 13 14 15 | 15.3
Armour         | 4 5 7 8 10 11 12 14 15 16 18 19 | 19.0
Evocations     | 1 2 4 5 6 8 |  8.9
Dodging        | 1 2 4 6 8 10 11 | 11.1
Invocations    | 1 5 6 8 10 | 10.6

Action                   |  1- 3 |  4- 6 |  7- 9 | 10-12 | 13-15 | 16-18 || total
-------------------------+-------+-------+-------+-------+-------+-------++-------
Melee: Flail             |    82 |    28 |       |       |       |       ||   110
       Headbutt          |     5 |    24 |    58 |   223 |   457 |   432 ||  1199
       Whip              |       |   100 |   283 |   817 |  1522 |  1249 ||  3971
Invok: Recall Undead Har |       |       |       |     1 |       |     4 ||     5
       Bind Soul         |       |       |       |       |     2 |     1 ||     3
 Abil: Evoke Blink       |       |       |       |       |     1 |     3 ||     4
Evoke: Wand              |       |       |     1 |     3 |     1 |    13 ||    18
  Use: Scroll            |     1 |     7 |     9 |     3 |    10 |     8 ||    38
       Potion            |       |       |     6 |     8 |    15 |     9 ||    38
 Stab: Distracted        |       |       |       |     9 |    23 |    14 ||    46
       Paralysed         |       |       |       |     4 |       |       ||     4
       Fleeing           |       |       |       |     1 |       |       ||     1
       Invisible         |       |       |       |       |     3 |     1 ||     4
       Petrified         |       |       |       |       |       |     8 ||     8
Armor: Scale mail        |    38 |       |       |       |       |       ||    38
       Plate armour      |     6 |    60 |   119 |   364 |   649 |   476 ||  1674
Dodge: Dodged            |    39 |    33 |    62 |   217 |   479 |   370 ||  1200
Block: Buckler           |    21 |    21 |    67 |   255 |   497 |   595 ||  1456
       Reflection        |       |       |       |       |       |    30 ||    30
